 Dungeon Crawl Stone Soup version 0.25.0-11-g1f837a7 (webtiles) character file.

Game seed: 1656320801205912739

1103 Balder the Cudgeler (level 8, -3/48 HPs)
             Began as a Gargoyle Fighter on June 24, 2020.
             Was a Follower of Trog.
             Splashed by a jelly's acid (8 damage)
             ... on level 6 of the Dungeon.
             The game lasted 00:24:53 (5195 turns).

Balder the Cudgeler (Gargoyle Fighter)              Turns: 5195, Time: 00:24:56

Health: -3/48      AC:  4    Str: 20    XL:     8   Next: 32%
Magic:  8/8        EV:  8    Int:  9    God:    Trog [*.....]
Gold:   283        SH:  0    Dex: 11    Spells: 7/7 levels left

rFire    . . .     SeeInvis .   b - +2 dire flail (holy)
rCold    . . .     Gourm    .   (shield currently unavailable)
rNeg     + . .     Faith    .   r - +1 chain mail
rPois    ∞         Spirit   .   (no helmet)
rElec    +         Reflect  .   (no cloak)
rCorr    .         Harm     .   (no gloves)
MR       .....                  (no boots)
Stlth    ..........             (no amulet)
HPRegen  0.16/turn              (no ring)
MPRegen  0.11/turn              (no ring)

@: corroded
A: negative energy resistance 1, electricity resistance, unbreathing,
petrification resistance, rot immunity, AC +5
a: Berserk, Renounce Religion


You were on level 6 of the Dungeon.
You worshipped Trog.
Trog was aware of your devotion.
You were not hungry.

You visited 1 branch of the dungeon, and saw 6 of its levels.

You collected 283 gold pieces.

Inventory:

Hand Weapons
 a - a +0 flail
 b - a +2 dire flail of holy wrath (weapon)
Missiles
 v - 3 boomerangs (quivered)
Armour
 c - a +0 kite shield
 r - a +1 chain mail (worn)
Jewellery
 g - an uncursed ring of fire
Wands
 s - a wand of flame (14)
Scrolls
 d - a scroll of identify
 e - a scroll of acquirement {unknown}
 h - 2 scrolls of magic mapping
 m - 2 scrolls of teleportation
 n - 2 scrolls of enchant armour
 o - 2 scrolls of fear {unknown}
 p - a scroll of amnesia {unknown}
Potions
 i - a potion of mutation {unknown}
 j - a potion of stabbing {unknown}
 l - 2 potions of flight
 q - 2 potions of curing
 u - 2 potions of heal wounds {unknown}
 x - a potion of haste {unknown}
Comestibles
 f - 10 rations
 k - 6 chunks of flesh


   Skills:
 * Level 4.6 Fighting
 * Level 6.0 Maces & Flails
 * Level 5.4 Armour
 * Level 1.9 Dodging
 * Level 3.5 Stealth
 * Level 5.4 Shields


You had 7 spell levels left.
You didn't know any spells.
Your spell library was empty.

Dungeon Overview and Level Annotations

Branches:
Dungeon (6/15)
 Temple: D:4-7

Altars:
Ashenzari
Gozag
Makhleb
Trog
Vehumet
Yredelemnul
The Shining One

Shops:
D:4 *

Annotations:
D:6 exclusion: oklob plant


Innate Abilities, Weirdness & Mutations

You are resistant to torment.
Your stone body is resilient. (AC +5)
You are immune to poison.
You resist negative energy. (rN+)
You are resistant to electric shocks. (rElec)
You can survive without breathing.
You are immune to petrification.
You are immune to rotting.


Message History

The ooze barely misses you.
You puncture the ooze!
You kill the ooze!
Trog accepts your kill.
You completely miss the jelly. The jelly hits you but does no damage.
You sock the jelly!
Your hands burn!
* * * LOW HITPOINT WARNING * * *
The jelly is heavily wounded.
The jelly completely misses you.
You hit the jelly but do no damage.
Your hands burn!
* * * LOW HITPOINT WARNING * * *
The jelly is heavily wounded.
The jelly hits you but does no damage.
You hit the jelly.
Your hands burn!
* * * LOW HITPOINT WARNING * * *
The jelly is severely wounded.
The jelly hits you.
* * * LOW HITPOINT WARNING * * *
You are splashed with acid!
You die... ........ ##.J.## ..##...## #JPJJJ# ..# ..... #JJPJJ# ..# ...# JPJJP ..# #..# #J.J# .#####..# .JJ

?...##..# #'#
.##.##..###########J##
.##.............@JJJ.#
........############......
.######.# .####. .# #.# ..
.# #.# ... ## #.. .## ###
.#


You could see a jelly and 3 oozes.

Vanquished Creatures
  Edmund (D:4)
  Duvessa (D:4)
  An ogre (D:4)
  Dowan (D:4)
  A scorpion (D:5)
  A howler monkey (D:4)
  A crimson imp (D:6)
  4 jellies (D:6)
  3 hounds
  2 bullfrog skeletons (D:5)
  2 iguanas (D:4)
  Jessica (D:2)
  2 hound skeletons (D:4)
  7 adders
  2 shadow imps (D:5)
  5 oozes
  An adder skeleton (D:4)
  4 worms
  2 dart slugs
  3 leopard geckos
  16 orcs
  5 giant cockroaches
  8 hobgoblins
  16 jackals
  6 quokkas
  2 bats
  5 frilled lizards
  8 goblins
  A jackal skeleton (D:4)
  6 kobolds
  7 rats
125 creatures vanquished.

Vanquished Creatures (others)
  5 fungi (D:6)
5 creatures vanquished.

Grand Total: 130 creatures vanquished

Notes
Turn   | Place    | Note
-------+----------+-------------------------------------------
     0 | D:1      | Balder the Gargoyle Fighter began the quest for the Orb.
     0 | D:1      | Reached XP level 1. HP: 14/14 MP: 1/1
   309 | D:1      | Reached XP level 2. HP: 19/19 MP: 2/2
   971 | D:2      | Reached XP level 3. HP: 16/23 MP: 3/3
  1213 | D:2      | Reached skill level 1 in Stealth
  1396 | D:2      | Noticed Jessica
  1403 | D:2      | Killed Jessica
  1403 | D:2      | Reached XP level 4. HP: 21/28 MP: 4/4
  2214 | D:3      | Reached XP level 5. HP: 27/32 MP: 5/5
  2451 | D:3      | Reached skill level 3 in Maces & Flails
  2667 | D:3      | Found a burning altar of Makhleb.
  2674 | D:3      | Found a glowing golden altar of the Shining One.
  2688 | D:3      | Found a bloodstained altar of Trog.
  2695 | D:3      | Found an opulent altar of Gozag.
  2702 | D:3      | Found a basalt altar of Yredelemnul.
  2709 | D:3      | Found a radiant altar of Vehumet.
  2727 | D:3      | Found a shattered altar of Ashenzari.
  2741 | D:3      | Became a worshipper of Trog the Wrathful
  2925 | D:3      | Reached skill level 1 in Dodging
  3148 | D:4      | Noticed Duvessa
  3149 | D:4      | Noticed Dowan
  3171 | D:4      | Killed Duvessa
  3171 | D:4      | Reached XP level 6. HP: 14/38 MP: 6/6
  3177 | D:4      | Killed Dowan
  3399 | D:4      | Reached skill level 4 in Maces & Flails
  3533 | D:4      | Found Ladghesch's General Store.
  3674 | D:4      | Reached XP level 7. HP: 17/43 MP: 7/7
  3964 | D:4      | Reached skill level 5 in Shields
  4064 | D:4      | Noticed Edmund
  4095 | D:4      | Killed Edmund
  4095 | D:4      | Reached skill level 5 in Armour
  4275 | D:4      | Reached skill level 5 in Maces & Flails
  4563 | D:5      | Entered Level 5 of the Dungeon
  4652 | D:5      | Got an ichor-stained spear
  4823 | D:5      | Reached XP level 8. HP: 46/48 MP: 8/8
  5023 | D:5      | Identified the +4 spear of Okawaru's Favour {freeze, +Inv
                  | +Fly rC-} (You found it on level 5 of the Dungeon)
  5131 | D:6      | Reached * piety under Trog
  5155 | D:6      | Noticed an oklob plant
  5187 | D:6      | Reached skill level 6 in Maces & Flails
  5195 | D:6      | Splashed by a jelly's acid

Illustrated notes

Levels and vault maps discovered:
D:1:      scummos_arrival_simple_crosswalls, layout_loops_ring
D:2:      layout_basic, uniq_jessica
D:3:      layout_basic, grunt_temple_overflow_octagram
D:4:      layout_loops_ring, first_ration, serial_shops, shop, uniq_edmund,
          uniq_duvessa
D:5:      layout_rooms
D:6:      lemuel_slime, layout_loops_ring, minmay_temple_entry_glass,
          enter_ossuary_1

Skill      XL: |  1  2  3  4  5  6  7  8 |
---------------+-------------------------+-----
Stealth        | 1 2 3 |  3.5
Armour         | 4 5 |  5.4
Shields        | 4 5 |  5.4
Maces & Flails | 3 4 5 6 |  6.0
Dodging        | 1 |  1.9
Fighting       | 4 |  4.6

Action                   |  1- 3 |  4- 6 |  7- 9 || total
-------------------------+-------+-------+-------++-------
Melee: Flail             |   113 |   268 |    95 ||   476
       Dire flail        |       |       |    93 ||    93
  Use: Scroll            |     1 |    12 |     1 ||    14
       Potion            |       |     2 |       ||     2
  Eat: Chunk             |     2 |     8 |       ||    10
       Ration            |       |       |     2 ||     2
Armor: Scale mail        |    51 |   114 |    57 ||   222
       Chain mail        |       |       |    29 ||    29
Dodge: Dodged            |    39 |    75 |    77 ||   191
Block: Kite shield       |    49 |   153 |    38 ||   240
